 Dungeon Crawl Stone Soup version 0.24.0-123-gd5b16e6ec5 (webtiles) character file.

Game seed: 7791685395167301, levelgen mode: deterministic

33 Norian the Conjurer (level 3, -6/19 HPs)
             Began as a Deep Elf Conjurer on Dec 18, 2019.
             Mangled by a worker ant (7 damage)
             ... on level 2 of the Dungeon.
             The game lasted 00:02:09 (912 turns).

Norian the Conjurer (Deep Elf Conjurer)              Turns: 912, Time: 00:02:10

Health: -6/19      AC:  2    Str:  6    XL:     3   Next: 12%
Magic:  0/10       EV: 13    Int: 19    God:
Gold:   117        SH:  0    Dex: 15    Spells: 9/10 levels left

rFire    . . .     SeeInvis .   (no weapon)
rCold    . . .     Gourm    .   (no shield)
rNeg     . . .     Faith    .   a - +0 robe
rPois    .         Spirit   .   (no helmet)
rElec    .         Reflect  .   (no cloak)
rCorr    .         Harm     .   (no gloves)
MR       .....                  (no boots)
Stlth    ++........             (no amulet)
HPRegen  0.06/turn              (no ring)
MPRegen  0.12/turn              (no ring)

@: lethally poisoned (-6 -> -12)
A: no striking features
a: no special abilities


You were on level 2 of the Dungeon.
You were not hungry.

You visited 1 branch of the dungeon, and saw 2 of its levels.

You collected 117 gold pieces.

Inventory:

Armour
 a - a +0 robe (worn)
Scrolls
 d - a scroll of amnesia {unknown}
 g - a scroll of magic mapping {unknown}
 h - 2 scrolls of remove curse {unknown}
 i - 3 scrolls of identify {unknown}
Potions
 b - a potion of agility {unknown}
 e - 2 potions of brilliance {unknown}
 f - 2 potions of flight {unknown}
 j - a potion of curing {unknown}
 k - a potion of heal wounds {unknown}
Comestibles
 c - 3 rations


   Skills:
 - Level 2.4 Dodging
 - Level 2.4 Stealth
 + Level 4.1 Spellcasting
 + Level 5.0 Conjurations


You had 9 spell levels left.
You knew the following spells:

 Your Spells              Type           Power        Failure   Level  Hunger
a - Magic Dart            Conj           ###.         1%          1    None

Your spell library contained the following spells:

 Spells                   Type           Power        Failure   Level  Hunger
 Searing Ray              Conj           ###...       2%          2    ##.....
 Dazzling Spray           Conj/Hex       ##....       14%         3    ###....
 Iskenderun's Mystic Bla  Conj           ###.....     17%         4    ####...
 Force Lance              Conj/Tloc      ##......     43%         4    ####...
 Fulminant Prism          Conj/Hex       ##........   43%         4    ####...


Dungeon Overview and Level Annotations

Branches:
Dungeon (2/15)

Altars:


Message History

You feel sick.
You see here a jackal corpse.
Casting: Magic Dart (safe; 1% risk of failure)
Confirm with . or Enter, or press ? or * to list all spells.
Aiming: Magic Dart (safe; 1% risk of failure)
Press: ? - help, Shift-Dir - straight line, f/p - worker ant
Aim: a worker ant (moderately wounded)
The magic dart hits the worker ant but does no damage.
The worker ant is moderately wounded.
* * * LOW HITPOINT WARNING * * *
You feel sick. The worker ant closely misses you.
Casting: Magic Dart (safe; 1% risk of failure)
Confirm with . or Enter, or press ? or * to list all spells.
Aiming: Magic Dart (safe; 1% risk of failure)
Press: ? - help, Shift-Dir - straight line, f/p - worker ant
Aim: a worker ant (moderately wounded)
The magic dart hits the worker ant.
The worker ant is heavily wounded.
The worker ant bites you!
You die...

########.......
#......#.......
#......##.....#
#......>......#
#..........(...
###......#.......
#................
######.#..)....#......
#######
###...a@.#†...........##
......#
#...#####<.###†########
......####.........##
#.# ......##...#########
#.# ......(...K...# ..#
..............# .##
..(..........)# #.
....).#######..# #.
......<# #...


You could see a worker ant.

Vanquished Creatures
  An adder (D:2)
  A dart slug (D:2)
  A bat (D:1)
  A giant cockroach (D:1)
  A goblin (D:2)
  2 hobgoblins
  4 jackals (D:2)
  4 kobolds
  2 quokkas (D:2)
  A ball python (D:2)
  2 rats
20 creatures vanquished.

Notes
Turn   | Place    | Note
-------+----------+-------------------------------------------
     0 | D:1      | Norian the Deep Elf Conjurer began the quest for the Orb.
     0 | D:1      | Reached XP level 1. HP: 10/10 MP: 6/6
   689 | D:2      | Reached XP level 2. HP: 15/15 MP: 6/8
   840 | D:2      | Reached skill level 5 in Conjurations
   840 | D:2      | Reached XP level 3. HP: 17/19 MP: 1/10
   912 | D:2      | Mangled by a worker ant

Levels and vault maps discovered:
D:1:      sevenhm_arrival_forest_fort_large_4, layout_loops_ring
D:2:      layout_rooms, first_ration

Skill      XL: |  1  2 |
---------------+-------+-----
Spellcasting   | 4 |  4.1
Conjurations   | 5 |  5.0
Dodging        | |  2.4
Stealth        | |  2.4

Action                   || total
-------------------------++-------
 Cast: Magic Dart        ||    48
Armor: Robe              ||     6
Dodge: Dodged            ||    27
